 Dungeon Crawl Stone Soup version 0.26-a0-639-g72c4674329 (webtiles) character file.

Game seed: 7610614319601117628

768 Flugslaktarn the Chopper (level 7, -14/67 HPs)
             Began as a Deep Dwarf Fighter on Sept 23, 2020.
             Demolished by an ogre
             ... wielding a +0 giant club
              (21 damage)
             ... on level 5 of the Dungeon.
             The game lasted 00:01:46 (1915 turns).

Flugslaktarn the Chopper (Deep Dwarf Fighter)       Turns: 1915, Time: 00:01:46

Health: -14/67     AC:  7    Str: 22    XL:     7   Next: 52%
Magic:  2/2        EV:  7    Int:  8    God:
Gold:   117        SH: 10    Dex: 12    Spells: 6/6 levels left

rFire    . . .     SeeInvis .   a - +0 war axe
rCold    . . .     Faith    .   c - +0 kite shield
rNeg     . . .     Spirit   .   b - +0 scale mail
rPois    .         Reflect  .   (no helmet)
rElec    .         Harm     +   r - scarf {harm}
rCorr    .         Rampage  .   (no gloves)
MR       +....                  (no boots)
Stlth    ..........             (no amulet)
HPRegen  0.00/turn              (no ring)
MPRegen  0.08/turn              (no ring)

@: non-regenerating, very slow
A: damage resistance, heal wounds, sense surroundings 1, no regeneration
a: Heal Wounds


You were on level 5 of the Dungeon.
You visited 1 branch of the dungeon, and saw 5 of its levels.
You also visited: Ossuary.

You collected 117 gold pieces.

Inventory:

Hand Weapons
 a - a +0 war axe (weapon)
Armour
 b - a +0 scale mail (worn)
 c - a +0 kite shield (worn)
 r - a scarf of harm (worn)
   (You found it on level 4 of the Dungeon)
Jewellery
 h - an uncursed ring of stealth {unknown}
   (You found it on level 2 of the Dungeon)
 j - an uncursed ring of protection from fire {unknown}
   (You found it on level 2 of the Dungeon)
 q - an uncursed ring of flight {unknown}
   (You found it on level 4 of the Dungeon)
 y - a cursed -4 ring of intelligence {unknown}
   (You found it on level 4 of the Dungeon)
Scrolls
 e - 7 scrolls of remove curse {unknown}
 f - 2 scrolls of magic mapping {unknown}
 i - a scroll of amnesia {unknown}
 k - 7 scrolls of identify {unknown}
 m - 4 scrolls of teleportation {unknown}
 t - 3 scrolls of noise {unknown}
 u - 3 scrolls of random uselessness {unknown}
 w - a scroll of immolation {unknown}
 A - a scroll of enchant weapon {unknown}
 B - a scroll of fog {unknown}
Potions
 d - a potion of might
 g - 5 potions of flight {unknown}
 l - 2 potions of heal wounds {unknown}
 n - 5 potions of curing {unknown}
 o - 2 potions of stabbing {unknown}
 p - 2 potions of invisibility {unknown}
 s - 6 potions of degeneration {unknown}
 v - a potion of ambrosia {unknown}
 x - 2 potions of mutation {unknown}
 z - a potion of haste {unknown}


   Skills:
 * Level 5.1 Fighting
 * Level 5.7 Axes
 + Level 4.9 Armour
 + Level 4.9 Shields


You had 6 spell levels left.
You didn't know any spells.
Your spell library was empty.

Dungeon Overview and Level Annotations

Branches:
Dungeon (5/15)            Ossuary (visited)
 Temple: D:4-7

Altars:
Dithmenos
Elyvilon
Gozag
Hepliaklqana
Sif Muna
Uskayaw
Xom
Zin

Shops:
D:4 *

Annotations:
D:2 1 runed translucent door, Crazy Yiuf


Innate Abilities, Weirdness & Mutations

You are resistant to damage.
You can heal yourself by infusing magical energy.
You passively map a small area around you.
You do not regenerate.


Message History

k - 7 scrolls labeled VIFANK VOEC (gained 1)
You enter the shallow water.
Moving in this stuff is going to be slow.
An ogre comes into view. It is wielding a +0 giant club.
The ogre shouts!
The ogre completely misses you.
The ogre hits you with a +0 giant club!!
* * * LOW HITPOINT WARNING * * *
You are too injured to fight recklessly!
You are too injured to fight recklessly!
You are too injured to fight recklessly!
You are too injured to fight recklessly!
You are too injured to fight recklessly!
You are too injured to fight recklessly!
You are too injured to fight recklessly!
You are too injured to fight recklessly!
You enter the shallow water.
Moving in this stuff is going to be slow.
The ogre hits you with a +0 giant club!!
You die...

≈≈≈≈### , * ** , ≈####
, ,* ## , * ≈ , * ≈###
* *,* , * ≈≈≈#####,≈ *
, * *
..≈≈≈≈≈##############≈
≈ *
#.....≈≈≈≈≈≈≈##≈≈≈≈≈##
,
#####.......≈≈##≈O#≈≈#
#######..≈≈≈@.##≈≈≈≈.#
##......####...#
######## *####


You could see an ogre.

Vanquished Creatures
  Grinder (D:3)
  2 centaurs
  A hound (D:4)
  An orc wizard (D:4)
  2 iguanas
  Natasha (D:3)
  A worker ant (D:4)
  A big kobold zombie (Ossuary)
  5 mummies (Ossuary)
  5 adders
  An ufetubus (D:5)
  2 oozes
  6 worms
  2 dart slugs
  6 leopard geckos
  16 orcs
  3 ball pythons
  2 giant cockroaches (D:2)
  7 goblins
  5 hobgoblins
  2 quokkas
  6 bats
  2 frilled lizards
  2 gnoll zombies (Ossuary)
  A hobgoblin zombie (Ossuary)
  4 kobolds
  2 kobold zombies (Ossuary)
  2 orc zombies (Ossuary)
  3 rats
94 creatures vanquished.

Vanquished Creatures (others)
  6 plants (D:3)
6 creatures vanquished.

Grand Total: 100 creatures vanquished

Notes
Turn   | Place    | Note
-------+----------+-------------------------------------------
     0 | D:1      | Flugslaktarn the Deep Dwarf Fighter began the quest for the
                  | Orb.
     0 | D:1      | Reached XP level 1. HP: 20/20 MP: 1/1
    98 | D:2      | Found a faded altar of an unknown god.
   114 | D:2      | Reached XP level 2. HP: 20/27 MP: 2/2
   166 | D:2      | Reached XP level 3. HP: 17/34 MP: 3/3
   299 | D:2      | Found a runed translucent door.
   300 | D:2      | Noticed Crazy Yiuf
   455 | D:3      | Noticed a centaur
   468 | D:3      | Killed a centaur
   468 | D:3      | Reached XP level 4. HP: 41/44 MP: 3/3
   531 | D:3      | Reached XP level 5. HP: 40/50 MP: 4/4
   551 | D:3      | Found a glowing silver altar of Zin.
   551 | D:3      | Found a shimmering altar of Xom.
   551 | D:3      | Noticed an angel
   551 | D:3      | Noticed Grinder
   574 | D:3      | Paralysed by Grinder for 3 turns
   586 | D:3      | Killed Grinder
   586 | D:3      | Reached XP level 6. HP: 46/58 MP: 3/3
   780 | D:3      | Noticed Natasha
   788 | D:3      | Killed Natasha
   984 | D:4      | Reached skill level 5 in Axes
  1073 | D:4      | Found a sand-covered staircase.
  1085 | Ossuary  | Entered an ossuary
  1161 | Ossuary  | Reached XP level 7. HP: 31/66 MP: 2/2
  1326 | D:4      | Found a white marble altar of Elyvilon.
  1329 | D:4      | Found a shimmering blue altar of Sif Muna.
  1332 | D:4      | Found a hazy altar of Hepliaklqana.
  1376 | D:4      | Found a shadowy altar of Dithmenos.
  1376 | D:4      | Found a hide-covered altar of Uskayaw.
  1376 | D:4      | Found an opulent altar of Gozag.
  1627 | D:4      | Reached skill level 5 in Fighting
  1666 | D:4      | Found Periuji's Serpentskin Sales.
  1821 | D:5      | Entered Level 5 of the Dungeon
  1915 | D:5      | Demolished by an ogre

Illustrated notes

Levels and vault maps discovered:
D:1:      minmay_arrival_pointy, layout_basic, kennysheep_flooded_box
D:2:      layout_loops_ring, chequers_ecumenical_altar_island,
          uniq_crazy_yiuf_cottage
D:3:      layout_loops_cross, grunt_temple_overflow_order_and_chaos_1,
          small_statue_intersection, serial_bayou_crossing, uniq_natasha,
          uniq_grinder
D:4:      minmay_general_purpose_star, layout_basic,
          gammafunk_temple_overflow_claw, grunt_temple_overflow_diamond,
          lightli_ossuary_entry_decrepit_ruins, guppyfry_shop_venom
D:5:      layout_loops_ring, serial_shops, nicolae_shop_window_shopping,
          minmay_crystal_water, minmay_manual_mullet

Skill      XL: |  1  2  3  4  5  6  7 |
---------------+----------------------+-----
Fighting       | 3 4 5 |  5.1
Axes           | 3 4 5 |  5.7
Armour         | 4 |  4.9
Shields        | 4 |  4.9

Action                   |  1- 3 |  4- 6 |  7- 9 || total
-------------------------+-------+-------+-------++-------
Melee: War axe           |    71 |   148 |    84 ||   303
 Abil: Heal Wounds       |     3 |     5 |     1 ||     9
Armor: Scale mail        |    40 |    51 |    30 ||   121
Dodge: Dodged            |    30 |    41 |    22 ||    93
Block: Kite shield       |    67 |    82 |    45 ||   194

Table legend: (Time is in decaauts)
 A = Elapsed time spent in this place.
 B = Non-inter-level travel time spent in this place.
 C = Inter-level travel time spent in this place.
 D = Time resting spent in this place.
 E = Time spent auto-exploring this place.
 F = Levels seen in this place.
 G = Mean time per level.
                   A        B        C        D        E       F      G
               +--------+--------+--------+--------+--------+-----+--------+
         Total |   2029 |   1970 |     59 |      0 |   1220 |   6 |  338.2 |
       Dungeon |   1787 |   1728 |     59 |      0 |   1113 |   5 |  357.4 |
       Ossuary |    242 |    242 |      0 |      0 |    107 |   1 |  242.0 |
               +--------+--------+--------+--------+--------+-----+--------+

Top non-repeatable levels by time:
     D:4: 675 daAuts
     D:3: 548 daAuts
     D:2: 362 daAuts
 Ossuary: 242 daAuts
     D:5: 104 daAuts
     D:1: 96 daAuts
